 Dungeon Crawl Stone Soup version 0.17-a0-1324-ga541562 (webtiles) character file.

1003 RobertPalmer the Basher (level 8, 0/78 HPs)
             Began as an Ogre Chaos Knight on June 9, 2015.
             Succumbed to a killer bee's poison
             ... on level 5 of the Dungeon.
             The game lasted 00:07:55 (4042 turns).

RobertPalmer the Basher (Ogre Chaos Knight)         Turns: 4042, Time: 00:07:56

Health: 0/78       AC:  5    Str: 20      XL:     8   Next: 20%
Magic:  8/8        EV: 15    Int: 11      God:    Xom [..*...]
Gold:   275        SH:  0    Dex: 13 (16) Spells: 0 memorised, 7 levels left

rFire  . . .     SeeInvis +     a - +0 giant spiked club
rCold  . . .     Clarity  .     b - +2 robe
rNeg   . . .     SustAt   .     (no shield)
rPois  .         Gourm    .     (helmet restricted)
rElec  .         Spirit   .     (no cloak)
rCorr  +         Warding  .     (gloves unavailable)
rMut   .         Stasis   .     (boots unavailable)
MR     +....                    d - amulet of resist corrosion {rCorr, !d}
Stlth  ++........               y - ring of protection from magic {MR+, !d}
                                q - ring of see invisible {sInv, !d}

@: agile, lethally poisoned (0 -> -14), somewhat resistant to hostile
enchantments, unstealthy
A: unfitting armour, strong 1, tough skin 1, subdued magic 1
a: Renounce Religion


You were on level 5 of the Dungeon.
You worshipped Xom.
You were a toy of Xom.
You were not hungry.

You visited 1 branch of the dungeon, and saw 5 of its levels.

You collected 275 gold pieces.

Inventory:

Hand weapons
 a - a +0 giant spiked club (weapon)
   (You took it off an ogre on level 5 of the Dungeon)
Missiles
 i - 81 poisoned needles
Armour
 b - a +2 robe (worn)
Jewellery
 d - an amulet of resist corrosion (around neck) {rCorr, !d}
   (You found it on level 2 of the Dungeon)
 q - a ring of see invisible (left hand) {sInv, !d}
   (You found it on level 2 of the Dungeon)
 y - a ring of protection from magic (right hand) {MR+, !d}
   (You found it on level 4 of the Dungeon)
Magical devices
 v - a wand of flame (31)
   (You took it off a kobold on level 5 of the Dungeon)
Scrolls
 e - 2 scrolls of remove curse
 f - a scroll of magic mapping {!r}
 h - a scroll of recharging
 u - 3 scrolls of identify
Potions
 n - 3 potions of magic
Books
 t - a Necronomicon {highlevel, unknown}
   (You found it on level 3 of the Dungeon)
Comestibles
 c - 4 bread rations {@e1}
 j - 2 slices of pizza
 l - 2 meat rations {@e2}
 p - a beef jerky
 s - a chunk of flesh {@w0}
 z - 10 fruits


   Skills:
 - Level 4.0 Fighting
 + Level 12.3 Maces & Flails
 - Level 2.1 Dodging


You had 7 spell levels left.
You didn't know any spells.

Dungeon Overview and Level Annotations

Branches:
Dungeon (5/15)
 Temple: D:4-7

Altars:
Cheibriados
Gozag
Nemelex Xobeh
Vehumet
Zin

Shops:
D:5 %

Annotations:
D:2 Sigmund
D:5 exclusion: Dowan, Dowan, Duvessa


Innate Abilities, Weirdness & Mutations

You are too large for most types of armour.
You have tough skin (AC +1).
Your muscles are strong. (Str +2)
Your spells are a little easier to cast, but a little less powerful.


Message History

Unknown command.
Unknown command.
You miss the killer bee.
You feel sick. The killer bee stings you.
You are more poisoned.
The killer bee poisons you! The killer bee closely misses you.
You regained 4 hp, and now have 33/78 hp.
You miss the killer bee.
You feel sick. The killer bee stings you. The killer bee misses you.
The killer bee stings you.
You take 5 damage, and have 28/78 hp.
You bump into the rock wall.
You feel less invigorated.
You feel less confused.
You feel sick. The killer bee stings you. The killer bee stings you.
* * * LOW HITPOINT WARNING * * *
You take 6 damage, and have 22/78 hp.
You closely miss the killer bee.
You feel sick. The killer bee misses you. The killer bee misses you.
Unknown command.
You sock the killer bee!
You feel sick. The killer bee stings you!
* * * LOW HITPOINT WARNING * * *
The killer bee closely misses you.
You take 9 damage, and have 13/78 hp.
You closely miss the killer bee.
You feel sick. The killer bee stings you.
* * * LOW HITPOINT WARNING * * *
The killer bee completely misses you. The killer bee barely misses you.
You take 3 damage, and have 10/78 hp.
Unknown command.
Drink which item? (? for menu, Esc to quit)
You feel better.
The killer bee stings you but does no damage.
The killer bee stings you.
* * * LOW HITPOINT WARNING * * *
You are poisoned.
The killer bee poisons you!
You regained 10 hp, and now have 20/78 hp.
Read which item? (? for menu, Esc to quit)
Okay, then.
You miss the killer bee.
You feel sick. The killer bee completely misses you.
The killer bee closely misses you.
You barely miss the killer bee.
You feel sick. The killer bee barely misses you. The killer bee misses you.
The killer bee stings you.
* * * LOW HITPOINT WARNING * * *
You take 3 damage, and have 17/78 hp.
Unknown command.
You miss the killer bee. The killer bee misses you.
The killer bee barely misses you.
Read which item? (? for menu, Esc to quit)
Okay, then.
You puncture the killer bee!
You kill the killer bee!
The killer bee misses you.
You barely miss the killer bee.
You feel sick. The killer bee closely misses you.
The killer bee barely misses you. The killer bee misses you.
You take 1 damage, and have 17/78 hp.
Drink which item? (? for menu, Esc to quit)
Okay, then.
You closely miss the killer bee. "Go forth and destroy!"
You feel much better. The killer bee closely misses you.
The killer bee stings you!
You regained 14 hp, and now have 31/78 hp.
You hit the killer bee but do no damage.
You feel sick. The killer bee completely misses you.
The killer bee closely misses you.
You take 1 damage, and have 30/78 hp.
You puncture the killer bee! The killer bee misses you.
The killer bee stings you.
You are more poisoned.
The killer bee poisons you! The killer bee stings you!
* * * LOW HITPOINT WARNING * * *
You are more poisoned.
The killer bee poisons you!
You take 13 damage, and have 17/78 hp.
You miss the killer bee.
You feel sick. The killer bee barely misses you. The killer bee stings you.
* * * LOW HITPOINT WARNING * * *
You take 7 damage, and have 10/78 hp.
Unknown command.
You hit the killer bee.
* * * LOW HITPOINT WARNING * * *
You feel sick. The killer bee closely misses you. The killer bee stings you.
* * * LOW HITPOINT WARNING * * *
You are more poisoned.
The killer bee poisons you!
You take 8 damage, and have 2/78 hp.
Drink which item? (? for menu, Esc to quit)
Really quaff
r - a potion of mutation {!q}?
You feel extremely strange.
Your connection to magic feels subdued.
You feel clever.
You feel stupid.
* * * LOW HITPOINT WARNING * * *
You feel sick. The killer bee misses you. The killer bee barely misses you.
You take 1 damage, and have 1/78 hp.
Unknown command.
Unknown command.
Unknown command.
Unknown command.
You barely miss the killer bee.
You die...
Xom snickers!

..#+# #.#
#'###+##+##...
##...##$##...##
##.##...
#..............
#......(
#..............
#.......
#.....Z....y...
+.......
#..........yy..
#....... #y#
######.# #y# #.#
#@# #.#
#.##############.#
#.................
################..
###


You could see 2 killer bees and a hound zombie.

Vanquished Creatures
  A sky beast (D:5)
  2 centaurs (D:5)
  An ogre (D:5)
  4 killer bees
  A crimson imp (D:5)
  A giant frog zombie (D:5)
  2 orc priests
  A hound (shapeshifter) (D:1)
  Terence (D:2)
  2 orc wizards
  3 worker ants
  An iguana (D:4)
  4 adders
  A gnoll (D:1)
  A shadow imp (D:5)
  3 worms
  3 giant geckos
  11 orcs
  10 goblins
  6 hobgoblins
  10 jackals
  A quokka (D:4)
  10 bats
  5 giant cockroaches
  5 giant newts
  8 kobolds
  A quokka skeleton (D:4)
  13 rats
112 creatures vanquished.

Notes
Turn   | Place    | Note
--------------------------------------------------------------
     0 | D:1      | RobertPalmer the Ogre Chaos Knight began the quest for the Orb.
     0 | D:1      | Reached XP level 1. HP: 24/24 MP: 1/1
    53 | D:1      | Noticed a wolf
    53 | D:1      | a bat changed into a wolf
    53 | D:1      | XOM: potion effect (might)
    53 | D:1      | Noticed a hound
    53 | D:1      | a wolf changed into a hound
    55 | D:1      | Killed a hound
    55 | D:1      | Reached skill level 5 in Maces & Flails
    55 | D:1      | Reached XP level 2. HP: 28/32 MP: 2/2
    55 | D:1      | Reached XP level 3. HP: 34/39 MP: 3/3
   342 | D:1      | XOM: divination: detect creatures
   575 | D:1      | Reached skill level 6 in Maces & Flails
   793 | D:1      | XOM: cast spell 'Spider Form'
   831 | D:1      | Reached XP level 4. HP: 45/48 MP: 4/4
   898 | D:1      | XOM: harmless Chrm miscast
  1148 | D:2      | Noticed Terence
  1163 | D:2      | Killed Terence
  1163 | D:2      | Reached skill level 7 in Maces & Flails
  1287 | D:2      | Noticed Sigmund
  1372 | D:2      | Reached XP level 5. HP: 50/54 MP: 5/5
  1376 | D:2      | Gained mutation: Your muscles are strong. (Str +2) [potion of beneficial mutation]
  1710 | D:3      | Found a glowing silver altar of Zin.
  1711 | D:3      | Found an opulent altar of Gozag.
  1782 | D:3      | XOM: potion effect (haste)
  1810 | D:3      | Reached skill level 8 in Maces & Flails
  1812 | D:3      | HP: 13/54 [orc/club (3)]
  2159 | D:3      | XOM: divination: magic mapping
  2335 | D:3      | Reached XP level 6. HP: 58/62 MP: 6/6
  2458 | D:3      | Found a snail-covered altar of Cheibriados.
  2639 | D:3      | XOM: silly message
  2728 | D:4      | XOM: noise
  2872 | D:4      | Reached skill level 9 in Maces & Flails
  2895 | D:4      | XOM: confuse monster(s)
  2905 | D:4      | XOM: divination: detect creatures
  3014 | D:4      | Found a sparkling altar of Nemelex Xobeh.
  3156 | D:5      | Entered Level 5 of the Dungeon
  3224 | D:5      | XOM: harmless Pois miscast
  3259 | D:5      | XOM: cast spell 'Stoneskin'
  3267 | D:5      | XOM: divination: magic mapping
  3273 | D:5      | Reached skill level 10 in Maces & Flails
  3273 | D:5      | Reached XP level 7. HP: 47/70 MP: 7/7
  3347 | D:5      | XOM: divination: magic mapping
  3487 | D:5      | Noticed Duvessa
  3487 | D:5      | Noticed Dowan
  3551 | D:5      | Reached skill level 11 in Maces & Flails
  3778 | D:5      | XOM: silly message
  3815 | D:5      | XOM: colour smoke trail
  3822 | D:5      | Found Lygupygh's Food Emporium.
  3912 | D:5      | Found a radiant altar of Vehumet.
  3930 | D:5      | Reached XP level 8. HP: 63/78 MP: 8/8
  3942 | D:5      | Found a radiant altar of Vehumet.
  4004 | D:5      | Reached skill level 12 in Maces & Flails
  4007 | D:5      | XOM: divination: detect items
  4028 | D:5      | HP: 13/78 [killer bee (7)]
  4035 | D:5      | HP: 17/78 [poisoned by a killer bee]
  4036 | D:5      | XOM: potion effect (heal wounds)
  4040 | D:5      | HP: 8/78 [poisoned by a killer bee]
  4040 | D:5      | HP: 2/78 [killer bee (6)]
  4041 | D:5      | Gained mutation: Your spells are a little easier to cast, but a little less powerful. [potion of mutation]
  4041 | D:5      | Gained mutation: Your mind is acute. (Int +2) [potion of mutation]
  4041 | D:5      | Lost mutation: Your mind is acute. (Int +2) [potion of mutation]
  4042 | D:5      | Succumbed to a killer bee's poison

Vault maps used:
D:1:      matt_arrival_diagonals
D:2:      uniq_terence, uniq_sigmund
D:3:      grunt_temple_overflow_gold_and_silver, lemuel_coloured_pillars_altar
D:4:      kennysheep_mini, first_bread, bh_chokoban
D:5:      amethyst_overflow_temple_binary, vehumet_altar_wand_db, basic_altar,
          serial_shops, shop, uniq_duvessa

Action                   |  1- 3 |  4- 6 |  7- 9 || total
-------------------------+-------+-------+-------++-------
Melee: Mace              |    52 |   250 |     8 ||   310
       Unarmed           |     1 |       |       ||     1
       Giant spiked club |       |       |    80 ||    80
  Use: Scroll            |       |    14 |       ||    14
       Potion            |       |     7 |     7 ||    14
 Stab: Sleeping          |     1 |     1 |       ||     2
       Paralysed         |       |     6 |       ||     6
       Confused          |       |     3 |       ||     3
  Eat: Chunk             |       |     8 |     3 ||    11

Vault maps used:
D:1:      matt_arrival_diagonals
D:2:      uniq_terence, uniq_sigmund
D:3:      grunt_temple_overflow_gold_and_silver, lemuel_coloured_pillars_altar
D:4:      kennysheep_mini, first_bread, bh_chokoban
D:5:      amethyst_overflow_temple_binary, vehumet_altar_wand_db, basic_altar,
          serial_shops, shop, uniq_duvessa

Table legend:
 A = Turns spent in this place as a percentage of turns spent in the entire game.
 B = Non-inter-level travel turns spent in this place as a percentage of non-inter-level travel turns spent in the entire game.
 C = Inter-level travel turns spent in this place as a percentage of turns spent in this place.
 D = Turns resting spent in this place as a percentage of non-inter-level travel turns spent in this place.
 E = Turns spent auto-exploring this place as a percentage of non-inter-level travel turns spent in this place.
 F = Non-inter-level travel turns spent in this place divided by the number of levels of this place that you've seen.
                   A       B       C       D       E      F
               +-------+-------+-------+-------+-------+----------------------
         Total | 100.0 | 100.0 |   0.6 |   2.0 |  11.5 | 286.4
       Dungeon | 100.0 | 100.0 |   0.6 |   2.0 |  11.5 | 286.4
               +-------+-------+-------+-------+-------+----------------------

Table legend:
 A = Kills in this place as a percentage of kills in entire the game.
 B = Kills by you in this place as a percentage of kills by you in the entire game.
 C = Kills by friends in this place as a percentage of kills by friends in the entire game.
 D = Other kills in this place as a percentage of other kills in the entire game.
 E = Experience gained in this place as a percentage of experience gained in the entire game.
 F = Experience gained in this place divided by the number of levels of this place that you have seen.
                   A       B       C       D       E      F
               +-------+-------+-------+-------+-------+----------------------
         Total | 100.0 | 100.0 |  -nan |  -nan | 100.0 | 286.6
       Dungeon | 100.0 | 100.0 |  -nan |  -nan | 100.0 | 286.6
               +-------+-------+-------+-------+-------+----------------------
